 Dungeon Crawl Stone Soup version 0.32-a0-20-ge526923d97 (console) character file.

Game seed: 2478392991569383903

488 Zeia the Grave Robber (level 6, -1/47 HPs)
             Began as a Demonspawn Necromancer on Jan 17, 2024.
             Slain by an ufetubus (4 damage)
             ... on level 5 of the Dungeon.
             The game lasted 00:25:29 (4881 turns).

Zeia the Grave Robber (Demonspawn Necromancer)      Turns: 4881, Time: 00:25:29

Health: -1/47      AC:  4    Str:  8    XL:     6   Next: 90%
Magic:  10/11      EV: 11    Int: 18    God:
Gold:   335        SH:  4    Dex: 13    Spells: 8/12 levels left

rFire   . . .        m - staff of death
rCold   . . .        q - +0 buckler
rNeg    + . .        a - +0 robe
rPois   .            (no helmet)
rElec   .            p - +0 cloak
rCorr   .            (no gloves)
SInv    .            (no boots)
Will    .....        (no amulet)
Stlth   ++           (no ring)
HPRegen 0.27/turn    (no ring)
MPRegen 0.12/turn

%: no passive effects
@: no status effects
A: foul stench 1, sharp scales 1, demonic touch 2
a: no special abilities


You were on level 5 of the Dungeon.
You visited 1 branch of the dungeon, and saw 5 of its levels.

You collected 335 gold pieces.

Inventory:

Hand Weapons
 h - a +0 dagger
 r - a +0 mace
 y - the +1 quarterstaff of Offence {flame, rF+}
   (You found it on level 4 of the Dungeon)

   rF+:       It protects you from fire.
Armour
 a - a +0 robe (worn)
 n - an orb of mayhem
 p - a +0 cloak (worn)
 q - a +0 buckler (worn)
Magical Staves
 m - a staff of death (weapon)
Jewellery
 B - a ring of see invisible
Wands
 t - a wand of polymorph (10)
Scrolls
 c - 5 scrolls of identify {unknown}
 e - a scroll of immolation {unknown}
 f - a scroll of enchant armour {unknown}
 g - a scroll of noise {unknown}
 i - 2 scrolls of poison {unknown}
 k - 2 scrolls of fog {unknown}
 l - 2 scrolls of teleportation {unknown}
 o - a scroll of blinking {unknown}
 A - a scroll of torment {unknown}
Potions
 b - a potion of magic
 d - a potion of heal wounds {unknown}
 j - a potion of mutation {unknown}
 s - a potion of enlightenment {unknown}
 u - a potion of haste {unknown}
 v - 2 potions of berserk rage {unknown}
 w - a potion of ambrosia {unknown}
 x - a potion of resistance {unknown}
 z - a potion of might {unknown}


   Skills:
 - Level 3.0 Fighting
 - Level 0.1 Axes
 - Level 1.7 Dodging
 - Level 1.7 Stealth
 - Level 2.1 Shields
 + Level 3.8 Spellcasting
 + Level 6.6 Necromancy


You had 8 spell levels left.
You knew the following spells:

 Your Spells              Type           Power      Damage    Failure   Level
a - Necrotise             Necr           100%       1d9       1%          1
b - Vampiric Draining     Necr           41%        2d8       4%          3

Your spell library contained the following spells:

 Spells                   Type           Power      Damage    Failure   Level
 Animate Dead             Necr           41%        N/A       16%         4
 Curse of Agony           Necr           41%        N/A       38%         5
 Call Canine Familiar     Summ           3%         N/A       56%         3
 Dazzling Flash           Conj/Hex       6%         N/A       56%         3
 Mephitic Cloud           Conj/Alch/Air  3%         N/A       56%         3
 Sigil of Binding         Hex            3%         N/A       56%         3
 Dimensional Bullseye     Hex/Tloc       1%         N/A       93%         4
 Silence                  Hex/Air        1%         N/A       100%        5


Dungeon Overview and Level Annotations

Branches:
Dungeon (5/15)
 Temple: D:4-7

Altars:
Cheibriados
Nemelex Xobeh

Shops:
D:4 (


Innate Abilities, Weirdness & Mutations

You may rarely emit foul miasma when damaged in melee.
You are partially covered in razor-sharp scales. (AC +1, Slay +1)
Your touch may inflict irresistible damage on your foes.


Message History

The ufetubus hits you but does no damage.
The ufetubus barely misses you.
You miss the ufetubus.
The ufetubus is moderately wounded.
The ufetubus barely misses you. You block the ufetubus's attack.
The ufetubus misses you. The ufetubus closely misses you.
You closely miss the ufetubus.
The ufetubus is moderately wounded.
The ufetubus slips past you!
The ufetubus closely misses you. x2; You block the ufetubus's attack.
The ufetubus closely misses you.
You hit the ufetubus but do no damage.
The ufetubus is moderately wounded.
The ufetubus hits you. The ufetubus barely misses you. The ufetubus hits you.
* * * LOW HITPOINT WARNING * * *
The ufetubus barely misses you.
You barely miss the ufetubus.
The ufetubus is moderately wounded.
The ufetubus closely misses you. You block the ufetubus's attack.
The ufetubus hits you.
* * * LOW HITPOINT WARNING * * *
The ufetubus hits you but does no damage.
You hit the ufetubus.
The ufetubus is heavily wounded.
The ufetubus barely misses you. You block the ufetubus's attack.
The ufetubus hits you but does no damage.
You block the ufetubus's attack.
You hit the ufetubus.
The ufetubus is heavily wounded.
The ufetubus slips past you!
The ufetubus hits you but does no damage.
The ufetubus hits you.
* * * LOW HITPOINT WARNING * * *
You block the ufetubus's attack.
The ufetubus hits you but does no damage.
You barely miss the ufetubus.
The ufetubus is heavily wounded.
The ufetubus hits you.
* * * LOW HITPOINT WARNING * * *
The ufetubus hits you.
* * * LOW HITPOINT WARNING * * *
The ufetubus hits you.
You die...

### #.###########.#
.......5@.....#
#############.# #.# #######.#
#.....#.###### #########
#.###..........
.......<#.#####.###..5.)...oo
........#..................o.
........#######.###..(.......
#######.....†................
#)########.##..........


You could see an ufetubus.

Vanquished Creatures
  An orc warrior (D:4)
  A scorpion (D:4)
  A jelly (D:5)
  2 bombardier beetles
  Terence (D:3)
  2 iguanas
  An orc wizard (D:3)
  Robin (D:3)
  3 adders
  4 dart slugs
  4 orcs
  3 ball pythons
  4 endoplasms
  7 giant cockroaches
  21 goblins
  9 hobgoblins
  3 jackals (D:1)
  A quokka (D:1)
  4 bats
  A frilled lizard (D:2)
  6 kobolds
  9 rats
89 creatures vanquished.

Vanquished Creatures (collateral kills)
  An ufetubus (D:5)
  A goblin (D:3)
2 creatures vanquished.

Grand Total: 91 creatures vanquished

Notes
Turn   | Place    | Note
-------+----------+-------------------------------------------
     0 | D:1      | Zeia the Demonspawn Necromancer began the quest for the
                  | Orb.
     0 | D:1      | Reached XP level 1. HP: 13/13 MP: 3/3
   121 | D:1      | Reached skill level 1 in Fighting
   214 | D:1      | Gained mutation: You may rarely emit foul miasma when
                  | damaged in melee. [demonic ancestry]
   214 | D:1      | Reached XP level 2. HP: 21/21 MP: 3/5
   840 | D:1      | Found a faded altar of an unknown god.
  1309 | D:1      | Gained mutation: You are partially covered in razor-sharp
                  | scales. (AC +1, Slay +1) [demonic ancestry]
  1309 | D:1      | Reached XP level 3. HP: 25/28 MP: 0/6
  1925 | D:2      | Gained mutation: Your touch may inflict minor irresistible
                  | damage on your foes. [demonic ancestry]
  1925 | D:2      | Reached XP level 4. HP: 35/35 MP: 1/7
  2802 | D:3      | Noticed Terence
  2809 | D:3      | Killed Terence
  2810 | D:3      | Reached skill level 1 in Shields
  2810 | D:3      | Reached skill level 5 in Necromancy
  2872 | D:3      | Found a sparkling altar of Nemelex Xobeh.
  3119 | D:3      | Noticed Robin
  3150 | D:3      | Killed Robin
  3151 | D:3      | Reached XP level 5. HP: 28/41 MP: 1/8
  3599 | D:4      | Found a snail-covered altar of Cheibriados.
  3649 | D:3      | Learned a level 3 spell: Vampiric Draining
  3843 | D:4      | Found Hilorphar's Weapon Emporium.
  3896 | D:4      | Noticed an orc warrior
  3932 | D:4      | Gained mutation: Your touch may inflict irresistible damage
                  | on your foes. [demonic ancestry]
  3932 | D:4      | Reached XP level 6. HP: 32/47 MP: 5/10
  3955 | D:4      | Killed an orc warrior
  3956 | D:4      | Reached skill level 6 in Necromancy
  4531 | D:4      | Identified the +1 quarterstaff of Offence {flame, rF+}
  4728 | D:5      | Entered Level 5 of the Dungeon
  4881 | D:5      | Slain by an ufetubus

Illustrated notes

Levels and vault maps discovered:
D:1:      scummos_arrival_checkerplants, layout_basic,
          chequers_ecumenical_altar_simple_redux, item_on_display_a
D:2:      layout_basic, basic_altar
D:3:      layout_loops_ring, mainiacjoe_overflow_concentric_impassable,
          reono_crystal_passage, uniq_robin, uniq_terence
D:4:      layout_loops_corners, chequers_temple_overflow_statue_of_worship,
          serial_shops, shop, kennysheep_generic_room_5
D:5:      layout_basic

Skill      XL: |  1  2  3  4  5  6 |
---------------+-------------------+-----
Fighting       | 1 2 3 |  3.0
Shields        | 1 2 |  2.1
Necromancy     | 5 6 |  6.6
Spellcasting   | 3 |  3.8
Axes           | |  0.1
Dodging        | |  1.7
Stealth        | |  1.7

Action                     |  1- 3 |  4- 6 || total
---------------------------+-------+-------++-------
  Melee: Unarmed           |    17 |       ||    17
         Dagger            |     2 |       ||     2
         Staff             |       |    30 ||    30
   Cast: Necrotise         |    82 |    97 ||   179
         Vampiric Draining |       |     1 ||     1
   Stab: Sleeping          |     1 |       ||     1
 Armour: Robe              |    27 |    58 ||    85
  Dodge: Dodged            |    32 |    46 ||    78
  Block: Buckler           |       |    16 ||    16

Table legend: (Time is in decaauts)
 A = Elapsed time spent in this place.
 B = Non-inter-level travel time spent in this place.
 C = Inter-level travel time spent in this place.
 D = Time resting spent in this place.
 E = Time spent auto-exploring this place.
 F = Levels seen in this place.
 G = Mean time per level.
                   A        B        C        D        E       F      G
               +--------+--------+--------+--------+--------+-----+--------+
         Total |   4887 |   4785 |    102 |   1269 |   2708 |   5 |  977.4 |
       Dungeon |   4887 |   4785 |    102 |   1269 |   2708 |   5 |  977.4 |
               +--------+--------+--------+--------+--------+-----+--------+

Top non-repeatable levels by time:
     D:1: 1492 daAuts
     D:3: 1208 daAuts
     D:4: 1080 daAuts
     D:2: 949 daAuts
     D:5: 157 daAuts
